 Dungeon Crawl Stone Soup version 0.31-a0-963-ga325b2283a (webtiles) character file.

Game seed: 5307672951768942127

94 Ahpoh the Covered (level 4, -9/37 HPs)
             Began as a Barachi Fighter on Oct 24, 2023.
             Killed from afar by Sigmund (11 damage)
             ... with a puff of flame
             ... on level 2 of the Dungeon.
             The game lasted 00:03:18 (1021 turns).

Ahpoh the Covered (Barachi Fighter)                 Turns: 1021, Time: 00:03:19

Health: -9/37      AC:  0    Str: 18    XL:     4   Next: 63%
Magic:  4/4        EV: 13    Int:  8    God:
Gold:   106        SH:  0    Dex: 13    Spells: 3/3 levels left

rFire   . . .        a - melded +0 long sword
rCold   . . .        c - melded +0 buckler
rNeg    . . .        b - melded +0 scale mail
rPois   .            (helmet currently unavailable)
rElec   .            (cloak currently unavailable)
rCorr   .            (gloves currently unavailable)
SInv    .            f - melded +1 pair of boots {Stlth+}
Will    .....        (no amulet)
Stlth   +            (ring currently unavailable)
HPRegen 0.26/turn    (ring currently unavailable)
MPRegen 0.09/turn

%: no passive effects
@: confused, mighty, pig-form, very quick
A: fast, no casting, (amphibious), small, (slowness 1), (strong legs 1), +LOS
a: no special abilities


You were on level 2 of the Dungeon.
You were a filthy swine.
You visited 1 branch of the dungeon, and saw 2 of its levels.

You collected 106 gold pieces.

Inventory:

Hand Weapons
 a - a +0 long sword (melded)
Missiles
 e - 2 atropa-tipped darts
 h - 7 poisoned darts
Armour
 b - a +0 scale mail (melded)
 c - a +0 buckler (melded)
 f - a +1 pair of boots of stealth (melded)
Potions
 g - a potion of attraction
 i - a potion of curing {unknown}


   Skills:
 * Level 4.1 Fighting
 * Level 4.1 Long Blades
 * Level 4.2 Armour
 * Level 0.7 Dodging
 * Level 3.8 Shields


You had 3 spell levels left.
You didn't know any spells.
Your spell library contained the following spells:

 Spells                   Type           Power      Damage    Failure   Level
 Gell's Gravitas          Tloc           0%         N/A       78%         3
 Teleport Other           Tloc           0%         N/A       78%         3
 Dispersal                Tloc           0%         N/A       100%        6


Dungeon Overview and Level Annotations

Branches:
Dungeon (2/15)

Altars:

Shops:
D:1 (

Annotations:
D:2 Sigmund


Innate Abilities, Weirdness & Mutations

You are a filthy swine.
You move quickly.
Your equipment is almost entirely melded.
You are incapable of wielding weapons or throwing items.
You cannot cast spells.
((You are amphibious.))
((You cover ground slowly.))
((You can hop short distances.))
You have an extended range of vision and can be seen from far away.


Message History

Deactivating autopickup; reactivate with Ctrl-A.
You closely miss something.
You hear some strange, mumbled words.
Something tries to affect you, but you resist.
You bump into the rock wall.
You hear some strange, mumbled words.
A magic dart appears from out of thin air!
The magic dart hits you!
You miss something. Something hits you!
You completely miss something.
You feel less confused. Something hits you.
You hit something. You slash something! Something hits you but does no damage.
You hit something.
You hear some strange, mumbled words.
You are confused.
You're too confused to move!
You hear some strange, mumbled words.
You are more confused.
You bump into the rock wall.
Something hits you but does no damage.
You bump into the rock wall.
You hear a zap.
You turn into a filthy swine.
Your +0 long sword melds into your body.
Your +1 pair of boots of stealth melds into your body.
Your +0 buckler melds into your body.
Your +0 scale mail melds into your body.
You feel less stealthy.
You hit something. Something hits you.
You barely miss something. You miss something. Something hits you!
* * * LOW HITPOINT WARNING * * *
Something hits you.
* * * LOW HITPOINT WARNING * * *
You bump into the rock wall.
You hear some strange, mumbled words.
A puff of flame appears from out of thin air!
The puff of flame hits you!
You die...

..... .....
##.....#..^##
#...........
#....#..#...#
.#......... ......
... ######.#..#
#.#
.....#.#..###.####
#.....#.......{h#
##.#.#.#...#####.#
...........# #.#
.....#.....# #..#
.......###.# #..#
.....### #.# #..#
..#..# #.. ...#
.##.)######## ##.#
.#..<........ .#


There were no monsters in sight!

Vanquished Creatures
  3 gnolls (D:2)
  2 adders (D:2)
  2 dart slugs
  3 bats (D:1)
  An endoplasm (D:2)
  A giant cockroach (D:1)
  3 hobgoblins (D:1)
  9 jackals
  2 kobolds (D:1)
  2 quokkas (D:1)
  2 ball pythons
  A frilled lizard (D:1)
  6 goblins
37 creatures vanquished.

Notes
Turn   | Place    | Note
-------+----------+-------------------------------------------
     0 | D:1      | Ahpoh the Barachi Fighter began the quest for the Orb.
     0 | D:1      | Reached XP level 1. HP: 18/18 MP: 1/1
    91 | D:1      | Reached XP level 2. HP: 25/25 MP: 2/2
   109 | D:1      | Found Faste's Weapon Emporium.
   321 | D:1      | Reached XP level 3. HP: 30/30 MP: 3/3
   827 | D:2      | Reached XP level 4. HP: 8/37 MP: 4/4
   986 | D:2      | Noticed Sigmund
  1019 | D:2      | HP: 1/37 [something (3)]
  1021 | D:2      | Killed from afar by Sigmund

Illustrated notes

Levels and vault maps discovered:
D:1:      grunt_arrival_lava_bath, layout_basic, serial_shops,
          nicolae_shop_tiny_statue_garden, minmay_misc_feat_diagonals
D:2:      layout_loops_ring, serial_shops, nicolae_shop_pleasant_corner_grove,
          shop, chequers_ecumenical_altar_island, uniq_sigmund, uniq_natasha

Skill      XL: |  1  2  3  4 |
---------------+-------------+-----
Armour         | 4 |  4.2
Long Blades    | 3 4 |  4.1
Fighting       | 4 |  4.1
Dodging        | |  0.7
Shields        | |  3.8

Action                     |  1- 3 |  4- 6 || total
---------------------------+-------+-------++-------
  Melee: Long sword        |   108 |    26 ||   134
         Unarmed           |       |     3 ||     3
    Use: Scroll            |     2 |     2 ||     4
         Potion            |     1 |     1 ||     2
 Armour: Scale mail        |    85 |    18 ||   103
         Skin              |       |     4 ||     4
  Dodge: Dodged            |    69 |     4 ||    73
  Block: Buckler           |    32 |     6 ||    38

Table legend: (Time is in decaauts)
 A = Elapsed time spent in this place.
 B = Non-inter-level travel time spent in this place.
 C = Inter-level travel time spent in this place.
 D = Time resting spent in this place.
 E = Time spent auto-exploring this place.
 F = Levels seen in this place.
 G = Mean time per level.
                   A        B        C        D        E       F      G
               +--------+--------+--------+--------+--------+-----+--------+
         Total |   1201 |   1193 |      8 |     94 |    650 |   2 |  600.5 |
       Dungeon |   1201 |   1193 |      8 |     94 |    650 |   2 |  600.5 |
               +--------+--------+--------+--------+--------+-----+--------+

Top non-repeatable levels by time:
     D:1: 923 daAuts
     D:2: 277 daAuts
